Map: Neon Violet Square LE

Players

Cloudy

  • Race: Protoss Protoss
  • League: Master
  • Spawn Location: 11:00

Neeb - Winner!

  • Race: Protoss Protoss
  • Spawn Location: 5:00

Event: 2018 Hangzhou StarCraft Carnival

VOD

Have the link to the VOD?

Description

Time

  • Played on: April 29, 2018, 2:29 a.m.
  • Length: 8:18

All games in this series

Show
View Real Time Build Order
Export as new Build Order

Cloudy Protoss 

Build Orders: Phoenix Opening 

Get SALT Encoding   

  12  0:01  Probe  
  13  0:13  Probe  
  14  0:21  Pylon  
  14  0:25  Probe  
  15  0:35  Probe  
  15  0:41  Gateway  
  16  0:43  Probe  
  16  0:49  Assimilator  
  17  0:53  Probe  
  18  0:59  Assimilator  
  18  1:02  Probe  
  18  1:10  Probe  
  19  1:12  Gateway  
  20  1:20  Probe  
  21  1:28  Cybernetics Core  
  21  1:32  Probe  
  22  1:40  Pylon  
  22  1:44  Probe  
  23  1:58  Probe  
  24  2:04  Stalker  
  24  2:05  Stalker  
  24  2:07  Warp Gate  
  28  2:20  Stargate  
  28  2:24  Pylon  
  28  2:32  Pylon  
  28  2:43  Adept x2  
  26  2:58  Phoenix  
  34  3:15  Pylon  
  34  3:21  Phoenix  
  36  3:35  Probe, Nexus  
  36  3:39  Phoenix  
  37  3:43  Pylon  
  39  4:08  Phoenix  
  33  4:18  Probe  
  34  4:29  Shield Battery  
  34  4:30  Probe  
  33  4:38  Stalker  
  33  4:39  Stalker  
  33  4:44  Phoenix  
  39  4:46  Probe  
  39  4:51  Probe  
  41  4:58  Probe  
  42  5:03  Stalker  
  42  5:04  Probe  
  45  5:10  Probe  
  46  5:16  Stalker  
  46  5:19  Probe  
  49  5:21  Probe  
  49  5:28  Probe  
  50  5:30  Probe  
  52  5:36  Probe  
  52  5:38  Probe  
  54  5:47  Stalker  
  52  5:50  Stalker  
  52  5:54  Probe  
  51  5:57  Probe  
  48  6:05  Probe  
  48  6:07  Probe  
  50  6:19  Robotics Facility, Probe x2  
  52  6:31  Probe  
  48  6:33  Probe  
  48  6:39  Probe  
  50  6:44  Pylon  
  50  6:45  Probe  
  52  6:47  Probe  
  52  6:53  Twilight Council, Probe  
  53  6:59  Probe  
  55  7:01  Probe  
  55  7:03  Immortal  
  60  7:12  Probe  
  60  7:13  Sentry  
  60  7:14  Probe  
  64  7:24  Probe  
  64  7:26  Pylon, Probe  
  66  7:36  Gateway  
  66  7:39  Gateway, Immortal  
  70  7:55  Stalker  
  70  7:56  Zealot  
Show
View Real Time Build Order
Export as new Build Order

Neeb Protoss - Winner!

Build Orders: Oracle Opening 

Get SALT Encoding   

  12  0:00  Probe  
  13  0:12  Probe  
  14  0:19  Pylon  
  14  0:25  Probe  
  15  0:33  Probe  
  15  0:39  Gateway  
  15  0:41  Probe  
  16  0:48  Assimilator  
  17  0:52  Assimilator  
  17  0:53  Probe  
  18  1:01  Probe  
  18  1:09  Gateway, Probe  
  20  1:20  Probe  
  21  1:27  Cybernetics Core  
  21  1:32  Probe  
  21  1:38  Pylon  
  22  1:44  Pylon  
  22  1:46  Probe  
  23  1:58  Probe  
  24  2:04  Stargate  
  24  2:07  Adept  
  26  2:12  Adept  
  28  2:15  Warp Gate  
  28  2:23  Pylon  
  28  2:38  Stalker  
  28  2:39  Oracle  
  30  2:45  Probe  
  34  3:21  Oracle  
  35  3:29  Gateway  
  35  3:30  Stalker  
  35  3:31  Shield Battery  
  35  3:46  Probe  
  36  3:55  Nexus  
  36  3:59  Probe  
  34  4:11  Probe  
  28  4:23  Probe  
  28  4:28  Stalker x2  
  28  4:30  Stalker  
  32  4:35  Probe  
  32  4:47  Probe  
  32  4:51  Oracle  
  36  4:56  Stalker  
  38  5:04  Stalker  
  40  5:07  Probe  
  40  5:11  Probe  
  42  5:20  Probe  
  43  5:24  Probe  
  44  5:30  Twilight Council  
  44  5:35  Blink  
  44  5:40  Stalker  
  44  5:42  Stalker  
  47  5:44  Probe  
  48  5:58  Pylon, Probe x2  
  48  6:02  Stalker  
  49  6:10  Probe x2  
  51  6:19  Pylon  
  51  6:22  Probe x2  
  50  6:27  Stalker  
  50  6:32  Stalker  
  46  6:36  Gateway  
  46  6:45  Stalker  
  48  6:54  Gateway  
  48  7:02  Pylon  
  48  7:03  Stalker  
  48  7:07  Stalker  
  52  7:15  Pylon  
  52  7:21  Stalker  
  54  7:33  Stalker x2  
  54  7:36  Zealot  
  60  7:42  Gateway  
  54  8:04  Stalker x3  
  54  8:11  Stalker  
Tags
 
Add a new tag
Caveats
  • Supply blocks, unpowered buildings, or Contaminate may cause inaccurate times.
  • Supply counts are checked every 10 seconds.